AoeStats
← Irving Legend

Arabia

503851980Analyzed
2v2 RM · 1mo ago on Sep 2, 2026· 25m 15s· 4 players
Game mode
Random Map
Map size
Medium (4 player)
Population
200
Speed
Normal
Resources
Standard
Victory
Conquest
Starting age
Dark Age
Ending age
Imperial Age
RankedLock teamsTeams togetherTeam positionsShared explorationLock speedFull tech treeHidden civsTurbo modeCheats
Victory
Defeat
🇨🇴 Persians · Colombia
1127
+14
🇨🇦 Ethiopians · Canada
1110
+15
🇺🇸 Magyars · United States
1086
-15
🇺🇸 Maya · United States
1076
-14
Shiny
7:04 Loom
9:39 Feudal Age
10:47 Man-at-Arms
13:30 Double-Bit Axe
18:37 Bloodlines
19:02 Arson
Gohma
7:18 Loom
9:49 Feudal Age
17:41 Double-Bit Axe
20:43 Fletching
20:55 Padded Archer Armor
26:00 Castle Age
Thousk_
7:10 Loom
9:17 Feudal Age
9:44 Double-Bit Axe
20:50 Castle Age
19:45 Bloodlines
20:53 Scale Barding Armor
22:22 Chain Barding Armor
Irving Legend
6:57 Loom
9:42 Feudal Age
10:31 Double-Bit Axe
15:12 Fletching
18:59 Wheelbarrow
22:44 Castle Age
20:55 Gold Mining
21:33 Padded Archer Armor
21:50 Horse Collar
22:48 Crossbowman
23:24 Bodkin Arrow
23:45 Bow Saw
25:39 Ballistics
Connection lost

Rejoining the realm…

Still unreachable

The connection could not be restored.

Session expired

The server has moved on; the page needs a fresh start.